 Dungeon Crawl Stone Soup version 0.27-a0-406-g23f261fbd2 (webtiles) character file.

Game seed: 14979364953357707611

354 wakim the Vexing (level 6, -3/28 HPs)
             Began as a Spriggan Enchanter on Feb 22, 2021.
             Slain by a troll (6 damage)
             ... on level 4 of the Dungeon.
             The game lasted 00:15:46 (4801 turns).

wakim the Vexing (Spriggan Enchanter)               Turns: 4801, Time: 00:15:46

Health: -3/28      AC:  2    Str:  4    XL:     6   Next: 35%
Magic:  10/13      EV: 22    Int: 16    God:
Gold:   172        SH:  0    Dex: 18    Spells: 4/13 levels left

rFire    . . .     SeeInvis +   a - +1 dagger
rCold    . . .     Faith    .   (shield restricted)
rNeg     . . .     Spirit   .   b - +0 robe
rPois    .         Reflect  .   (helmet restricted)
rElec    .         Harm     .   (no cloak)
rCorr    .         Rampage  .   (gloves unavailable)
Will     +....                  (boots unavailable)
Stlth    +++.......             (no amulet)
HPRegen  0.09/turn              j - +4 ring of evasion
MPRegen  0.13/turn              (no ring)

@: very quick
A: very small, unfitting armour, see invisible, speed 3
a: no special abilities


You were on level 4 of the Dungeon.
You visited 2 branches of the dungeon, and saw 5 of its levels.

You collected 172 gold pieces.

Inventory:

Hand Weapons
 a - a +1 dagger (weapon)
Armour
 b - a +0 robe (worn)
Jewellery
 j - a +4 ring of evasion (left hand)
Wands
 l - a wand of iceblast (7)
 m - a wand of paralysis (7)
Scrolls
 c - a scroll of random uselessness {unknown}
 d - 2 scrolls of enchant armour {unknown}
 f - a scroll of identify
 g - 2 scrolls of noise {unknown}
 i - 3 scrolls of fear
 p - a scroll of teleportation {unknown}
Potions
 e - a potion of lignification {unknown}
 k - 2 potions of degeneration {unknown}
 n - a potion of brilliance
 o - a potion of curing {unknown}


   Skills:
 - Level 1.1 Short Blades
 - Level 2.6 Dodging
 - Level 4.4 Stealth
 - Level 4.0 Spellcasting
 - Level 7.0 Hexes
 + Level 2.6 Ice Magic


You had 4 spell levels left.
You knew the following spells:

 Your Spells              Type           Power        Failure   Level
a - Corona                Hex            27%          1%          1
b - Ensorcelled Hibernat  Hex/Ice        36%          3%          2
c - Confusing Touch       Hex            25%          2%          3
d - Tukima's Dance        Hex            25%          2%          3

Your spell library contained the following spells:

 Spells                   Type           Power        Failure   Level
 Dazzling Flash           Conj/Hex       28%          12%         3
 Animate Skeleton         Necr           6%           17%         1
 Pain                     Necr           12%          17%         1
 Vampiric Draining        Necr           1%           45%         3
 Animate Dead             Necr           1%           86%         4
 Agony                    Necr           3%           99%         5


Dungeon Overview and Level Annotations

Branches:
Dungeon (4/15)             Temple (1/1) D:4

Altars:
Ashenzari
Cheibriados
Dithmenos
Kikubaaqudgha
Makhleb
Nemelex Xobeh
Qazlal
Ru
Sif Muna
Trog
Yredelemnul
The Shining One


Innate Abilities, Weirdness & Mutations

You are very small and have problems with some larger weapons.
You are too small for most types of armour.
You have supernaturally acute eyesight. (SInv)
You cover ground extremely quickly.


Message History

The troll is moderately wounded.
The troll closely misses you. The troll completely misses you.
The troll barely misses you.
Casting: Ensorcelled Hibernation (safe; 3% risk of failure)
Confirm with . or Enter, or press ? or * to list all spells.
Your hands begin to glow red.
You hit the troll but do no damage.
The troll is moderately wounded.
The troll closely misses you. The troll completely misses you.
The troll closely misses you.
You hit the troll but do no damage.
The troll is moderately wounded.
The troll barely misses you. The troll completely misses you. x2
You hit the troll but do no damage.
The troll appears confused.
The troll is moderately wounded.
The troll misses you. The troll completely misses you. The troll misses you.
You completely miss the troll.
The troll is moderately wounded.
The troll completely misses you. The troll claws you!
Ouch! That really hurt!
The troll claws you.
* * * LOW HITPOINT WARNING * * *
You hit the troll.
The troll is moderately wounded.
You hit the troll but do no damage.
The troll is moderately wounded.
You hit the troll.
The troll is moderately wounded.
You hit the troll but do no damage.
The troll is moderately wounded.
The troll chortles and stares into space.
You hit the troll but do no damage.
The troll is lightly wounded.
The troll chortles and stares into space.
The troll bites you.
* * * LOW HITPOINT WARNING * * *
The troll claws you.
* * * LOW HITPOINT WARNING * * *
The troll claws you.
You die...

.#.. ##........ ...
#...###### .### ##..#
#...# ....## #(..# ##...#
......####..# #...#######
...........# #...#......
...........# ##..........
.........T.## #...........
.........@..###...........
...........#.##...........
...........#..............
...........##............#
...........###............
...........# ##........#..
............ #.......#...
............# #.........#.
............# ###..##....#


You could see a troll (confused).

Vanquished Creatures
  A scorpion (D:4)
  A bullfrog skeleton (D:4)
  A worker ant (D:3)
  Ijyb (D:3)
  An orc wizard (D:3)
  8 adders
  An ooze (D:1)
  A worm (D:2)
  6 dart slugs
  2 leopard geckos (D:1)
  8 orcs
  A ball python (D:4)
  9 bats
  6 giant cockroaches
  15 goblins
  9 hobgoblins
  7 jackals
  2 quokkas (D:3)
  2 frilled lizards
  9 kobolds
  A leopard gecko skeleton (D:3)
  8 rats
100 creatures vanquished.

Notes
Turn   | Place    | Note
-------+----------+-------------------------------------------
     0 | D:1      | wakim the Spriggan Enchanter began the quest for the Orb.
     0 | D:1      | Reached XP level 1. HP: 9/9 MP: 5/5
   357 | D:1      | Reached skill level 4 in Hexes
   357 | D:1      | Reached XP level 2. HP: 13/13 MP: 7/7
   361 | D:1      | Learned a level 2 spell: Ensorcelled Hibernation
   908 | D:1      | Reached XP level 3. HP: 16/16 MP: 5/9
  1354 | D:1      | Learned a level 3 spell: Tukima's Dance
  1971 | D:2      | Reached XP level 4. HP: 21/21 MP: 7/11
  1976 | D:2      | Reached skill level 5 in Hexes
  2074 | D:1      | Learned a level 3 spell: Confusing Touch
  2267 | D:2      | Reached skill level 1 in Ice Magic
  2407 | D:2      | Found a broken altar of Ashenzari.
  2954 | D:3      | Noticed Ijyb
  2969 | D:3      | Killed Ijyb
  2970 | D:3      | Reached XP level 5. HP: 19/24 MP: 6/12
  3066 | D:3      | Found a stormy altar of Qazlal.
  3223 | D:3      | Reached skill level 6 in Hexes
  4538 | D:4      | Found a staircase to the Ecumenical Temple.
  4554 | D:4      | Reached XP level 6. HP: 20/28 MP: 10/13
  4576 | Temple   | Entered the Ecumenical Temple
  4683 | D:4      | Reached skill level 7 in Hexes
  4773 | D:4      | Noticed a troll
  4801 | D:4      | Slain by a troll

Illustrated notes

Levels and vault maps discovered:
D:1:      dpeg_arrival_yet_another_circle, layout_rooms, minmay_pentomino_r2
D:2:      cheibrodos_helix_gallery, layout_rooms,
          nicolae_overflow_hidden_temple, evilmike_ruin_ashenzari
D:3:      layout_basic, grunt_qazlal_sundering, uniq_ijyb
D:4:      kennysheep_goblin_castle, layout_cave_pods,
          grunt_temple_overflow_order_and_chaos_1, minitemple,
          minmay_temple_entry_arrows, serial_shops, kennysheep_little_box
Temple:   eino_wide_crystal_templ

Skill      XL: |  1  2  3  4  5  6 |
---------------+-------------------+-----
Spellcasting   | 3 4 |  4.0
Hexes          | 4 5 6 7 |  7.0
Ice Magic      | 1 2 |  2.6
Short Blades   | |  1.1
Dodging        | |  2.6
Stealth        | |  4.4

Action                   |  1- 3 |  4- 6 || total
-------------------------+-------+-------++-------
Melee: Dagger            |    92 |   153 ||   245
 Cast: Corona            |     2 |       ||     2
       Ensorcelled Hiber |    37 |    72 ||   109
       Confusing Touch   |       |     5 ||     5
  Use: Scroll            |       |     3 ||     3
 Stab: Sleeping          |    30 |    54 ||    84
       Confused          |       |     4 ||     4
Armor: Robe              |     8 |     9 ||    17
Dodge: Dodged            |    76 |   130 ||   206

Table legend: (Time is in decaauts)
 A = Elapsed time spent in this place.
 B = Non-inter-level travel time spent in this place.
 C = Inter-level travel time spent in this place.
 D = Time resting spent in this place.
 E = Time spent auto-exploring this place.
 F = Levels seen in this place.
 G = Mean time per level.
                   A        B        C        D        E       F      G
               +--------+--------+--------+--------+--------+-----+--------+
         Total |   3864 |   3814 |     50 |   1960 |    970 |   5 |  772.8 |
       Dungeon |   3782 |   3732 |     50 |   1909 |    944 |   4 |  945.5 |
        Temple |     82 |     82 |      0 |     51 |     25 |   1 |   82.0 |
               +--------+--------+--------+--------+--------+-----+--------+

Top non-repeatable levels by time:
     D:1: 1554 daAuts
     D:3: 1279 daAuts
     D:2: 818 daAuts
     D:4: 129 daAuts
  Temple: 82 daAuts
